 Dungeon Crawl Stone Soup version 0.32-a0-468-g38b2580584 (webtiles) character file.

Game seed: 8471686943543152514

229 ezpacito the Trooper (level 5, -1/42 HPs)
             Began as a Demonspawn Chaos Knight on Feb 24, 2024.
             Was a Plaything of Xom.
             Slain by an ogre
             ... wielding a +0 giant spiked club
              (12 damage)
             ... on level 3 of the Dungeon.
             The game lasted 00:04:21 (2574 turns).

ezpacito the Trooper (Demonspawn Chaos Knight)      Turns: 2574, Time: 00:04:21

Health: -1/42      AC:  5    Str: 13 (14) XL:     5   Next: 71%
Magic:  6/6        EV: 11    Int: 11 (12) God:    Xom [..*...]
Gold:   177        SH:  0    Dex: 10 (13) Spells: 2/5 levels left

rFire   . . .        a - +0 hand axe (chaos)
rCold   . . .        (no shield)
rNeg    . . .        b - +2 leather armour
rPois   .            (no helmet)
rElec   .            e - scarf {+Inv}
rCorr   .            (no gloves)
SInv    .            (no boots)
Will    .....        (no amulet)
Stlth   +            (no ring)
HPRegen 0.27/turn    (no ring)
MPRegen 0.10/turn

%: no passive effects
@: brilliant, attractive, hasted, very quick
A: hooves 2
a: Renounce Religion, Evoke Invisibility


You were on level 3 of the Dungeon.
You worshipped Xom.
You were a toy of Xom.
You visited 1 branch of the dungeon, and saw 4 of its levels.

You collected 177 gold pieces.

Inventory:

Hand Weapons
 a - a +0 hand axe of chaos (weapon)
 k - the +5 rapier of Responsibility {drain, rPois Will+ rCorr Str-3}
   (You found it on level 3 of the Dungeon)

   Str-3:     It affects your strength (-3).
   rPois:     It protects you from poison Will+: It increases your willpower.
   rCorr:     It protects you from acid and corrosion.
Missiles
 g - 5 poisoned darts (quivered)
Armour
 b - a +2 leather armour (worn)
 e - a scarf of invisibility (worn)
 p - a +0 cloak
Scrolls
 d - a scroll of fog {unknown}
 f - 4 scrolls of identify {unknown}
 h - a scroll of amnesia {unknown}
 i - a scroll of poison {unknown}
 o - 2 scrolls of teleportation {unknown}


   Skills:
 * Level 3.9 Fighting
 * Level 3.4 Axes
 * Level 2.6 Armour
 * Level 2.0 Dodging
 + Level 1.1 Stealth
 * Level 1.7 Unarmed Combat
 + Level 0.9 Spellcasting
 + Level 0.0 Summonings
 + Level 0.0 Alchemy
 + Level 0.9 Evocations


You had 2 spell levels left.
You knew the following spells:

 Your Spells              Type           Power      Damage    Failure   Level
a - Mercury Vapours       Alch/Air       0%         N/A       54%         2
b - Summon Small Mammal   Summ           0%         N/A       38%         1

Your spell library contained the following spells:

 Spells                   Type           Power      Damage    Failure   Level
 Freeze                   Ice            0%         1d3       38%         1
 Call Canine Familiar     Summ           0%         N/A       77%         3
 Frozen Ramparts          Ice            0%         1d1       77%         3
 Hailstorm                Conj/Ice       0%         3d5       77%         3
 Mephitic Cloud           Conj/Alch/Air  0%         N/A       77%         3
 Summon Blazeheart Golem  Fire/Summ      0%         N/A       99%         4
 Freezing Cloud           Conj/Ice/Air   0%         6-21      100%        5
 Sculpt Simulacrum        Ice/Alch       0%         N/A       100%        6
 Ozocubu's Refrigeration  Ice            0%         4d7       100%        7
 Polar Vortex             Ice            0%         N/A       100%        9


Dungeon Overview and Level Annotations

Branches:
Dungeon (4/15)
 Temple: D:4-7

Altars:
Cheibriados


Innate Abilities, Weirdness & Mutations

You have hoof-like feet.


Message History

The ogre completely misses your butterfly.
The ogre completely misses your butterfly.
The ogre barely misses your butterfly.
The ogre completely misses your butterfly.
The ogre closely misses your butterfly.
Your butterfly disappears in a burst of colours!
The ogre completely misses your butterfly.
The ogre barely misses your butterfly.
Your butterfly disappears in a burst of colours! x3
Your transformation is almost over.
The ogre hits your butterfly with a +0 giant spiked club!!
Your butterfly dies!
Your butterfly disappears in a burst of colours!
The ogre is attracted toward you.
Your butterfly disappears in a burst of colours! x2
The ogre barely misses your butterfly.
The ogre completely misses your butterfly.
Your butterfly disappears in a burst of colours!
The ogre hits your butterfly with a +0 giant spiked club!
Your butterfly dies!
Your butterfly disappears in a burst of colours!
The ogre is attracted toward you.
Your butterfly disappears in a burst of colours! x2
The ogre misses your butterfly.
You feel less wooden.
Your scarf of invisibility unmelds from your body.
Your +2 leather armour unmelds from your body.
You become transparent for a moment.
The ogre hits your butterfly with a +0 giant spiked club!!
Your butterfly dies!
Your butterfly disappears in a burst of colours!
The ogre is attracted toward you.
You completely miss the ogre. You kick the ogre, but do no damage.
The ogre is severely wounded.
Your butterfly disappears in a burst of colours! x2
You hit the ogre but do no damage.
The ogre is severely wounded.
Your butterfly disappears in a burst of colours! x3
The ogre hits you with a +0 giant spiked club!
You die...

#.......#.......#.......# #.#
#.......#.......#.......####.#
##.....###.....###.....##.....
##...#####..)#####...######.#
#####.# #####...#####.# #.# #.#
#.# #..##.####.##.# #<# #.# #.#
#.(##.# #.##.# #.# #.#
#.###.[##.# #.##.# #.# #.#
#....§O@b.# #.#..## #.. #####.#
#####bb#..# #.....# #.# ##...#.#
#bb#.b# #.....# #.# #.###..#
#.b#..####.....###.# #.#
#..#######bb#..#............#
..###.........bb...#............#
.#...########..b........._......#
.##<## #####.###)..............#
.##.# #.....# #..#............#


You could see an ogre (ally target).

Vanquished Creatures
  A bombardier beetle (D:3)
  An orc priest (D:3)
  An orc wizard (D:3)
  6 adders
  3 dart slugs
  2 ribbon worms (D:3)
  6 orcs
  5 ball pythons
  6 endoplasms
  4 giant cockroaches
  6 goblins
  6 hobgoblins
  2 jackals (D:1)
  7 kobolds
  3 quokkas
  2 bats
  8 frilled lizards
  A rat (D:2)
70 creatures vanquished.

Notes
Turn   | Place    | Note
-------+----------+-------------------------------------------
     0 | D:1      | ezpacito the Demonspawn Chaos Knight began the quest for
                  | the Orb.
     0 | D:1      | Reached XP level 1. HP: 18/18 MP: 1/1
    82 | D:1      | Reached skill level 1 in Dodging
   330 | D:1      | Gained mutation: You have large cloven feet. [demonic
                  | ancestry]
   330 | D:1      | Reached XP level 2. HP: 23/24 MP: 2/2
   438 | D:1      | XOM: 2-stop teleportation journey
   516 | D:1      | XOM: noise
   853 | D:1      | XOM: silly message
   932 | D:2      | XOM: potion effect (haste)
   955 | D:2      | Reached XP level 3. HP: 27/29 MP: 3/3
  1085 | D:2      | Reached skill level 1 in Unarmed Combat
  1284 | D:2      | Reached XP level 4. HP: 29/35 MP: 4/4
  1483 | D:3      | XOM: noise
  1580 | D:3      | XOM: divination: detect items
  1671 | D:3      | Found a snail-covered altar of Cheibriados.
  1801 | D:3      | XOM: noise
  1854 | D:3      | XOM: noise
  1857 | D:3      | XOM: smoke on damage
  1860 | D:3      | Gained mutation: You have hoof-like feet. [demonic
                  | ancestry]
  1860 | D:3      | Reached XP level 5. HP: 20/42 MP: 4/6
  1864 | D:3      | HP: 2/42 [orc/+0 hand axe (9)]
  1969 | D:3      | XOM: cloud trail
  2081 | D:3      | Identified the +5 rapier of Responsibility {drain, rPois
                  | Will+ rCorr Str-3}
  2133 | D:3      | Reached skill level 1 in Stealth
  2206 | D:3      | XOM: silly message
  2400 | D:4      | Noticed an ogre
  2402 | D:4      | Noticed an ogre
  2411 | D:4      | XOM: divination: detect items
  2525 | D:3      | Learned a level 2 spell: Mercury Vapours
  2527 | D:3      | Learned a level 1 spell: Summon Small Mammal
  2574 | D:3      | Slain by an ogre

Illustrated notes

Levels and vault maps discovered:
D:1:      dpeg_arrival_round_a, layout_loops_corners
D:2:      layout_rooms, st_stairs_9, corexii_hall_statues_u,
          minmay_close_crescents
D:3:      kennysheep_six_static_rooms, layout_loops_ring, lemuel_doored_altar,
          slow_altar_1
D:4:      layout_basic, nicolae_ru_awakened_eye, serial_shops,
          nicolae_shop_stone, chequers_jeans, dilly_guarded_unrand_devastator

Skill      XL: |  1  2  3  4  5 |
---------------+----------------+-----
Dodging        | 1 2 |  2.0
Armour         | 2 |  2.6
Unarmed Combat | 1 |  1.7
Axes           | 3 |  3.4
Stealth        | 1 |  1.1
Fighting       | |  3.9
Spellcasting   | |  0.9
Evocations     | |  0.9

Action                     |  1- 3 |  4- 6 || total
---------------------------+-------+-------++-------
  Melee: Hand axe          |    93 |   108 ||   201
         Kick              |    15 |    27 ||    42
    Use: Potion            |       |    14 ||    14
         Scroll            |       |     2 ||     2
   Stab: Sleeping          |     1 |       ||     1
         Confused          |       |     3 ||     3
         Distracted        |       |     1 ||     1
         Invisible         |       |     1 ||     1
 Armour: Leather armour    |    52 |    89 ||   141
  Dodge: Dodged            |    53 |    54 ||   107

Table legend: (Time is in decaauts)
 A = Elapsed time spent in this place.
 B = Non-inter-level travel time spent in this place.
 C = Inter-level travel time spent in this place.
 D = Time resting spent in this place.
 E = Time spent auto-exploring this place.
 F = Levels seen in this place.
 G = Mean time per level.
                   A        B        C        D        E       F      G
               +--------+--------+--------+--------+--------+-----+--------+
         Total |   2586 |   2550 |     36 |     95 |   1918 |   4 |  646.5 |
       Dungeon |   2586 |   2550 |     36 |     95 |   1918 |   4 |  646.5 |
               +--------+--------+--------+--------+--------+-----+--------+

Top non-repeatable levels by time:
     D:3: 1145 daAuts
     D:1: 936 daAuts
     D:2: 476 daAuts
     D:4: 28 daAuts
